 Dungeon Crawl Stone Soup version 0.20-a0-2-g2b0e13a (webtiles) character file.

76 dobroeutro the Twirler (level 4, -7/34 HPs)
             Began as a Demonspawn Gladiator on Oct 29, 2016.
             Engulfed by a cloud of flame (21 damage)
             ... on level 2 of the Dungeon.
             The game lasted 00:02:14 (1294 turns).

dobroeutro the Twirler (Demonspawn Gladiator)       Turns: 1294, Time: 00:02:15

Health: -7/34      AC:  9    Str: 13    XL:     4   Next: 12%
Magic:  4/4        EV:  6    Int:  9    God:
Gold:   129        SH:  0    Dex: 13    Spells: 0 memorised, 3 levels left

rFire  . . .     SeeInvis .     a - +0 quarterstaff
rCold  . . .     Gourm    .     l - -2 chain mail (curse)
rNeg   . . .     Faith    .     (shield currently unavailable)
rPois  .         Spirit   .     c - +0 helmet
rElec  .         Reflect  .     (no cloak)
rCorr  .         Harm     .     (no gloves)
MR     .....                    (no boots)
Stlth  ..........               (no amulet)
                                (no ring)
                                q - -4 ring of strength (curse)

@: no status effects
A: icy blue scales 1, powered by death 1
a: no special abilities


You were on level 2 of the Dungeon.
You were very hungry.

You visited 1 branch of the dungeon, and saw 2 of its levels.

You collected 129 gold pieces.

Inventory:

Hand Weapons
 a - a +0 quarterstaff (weapon)
Missiles
 d - 3 throwing nets (quivered)
Armour
 c - a +0 helmet (worn)
 l - a cursed -2 chain mail (worn)
Jewellery
 q - a cursed -4 ring of strength (left hand)
Scrolls
 e - 4 scrolls of identify
 g - a scroll of blinking
 o - a scroll of fear
Potions
 b - a potion of heal wounds {unknown}
 h - a potion of magic {unknown}
 i - a potion of curing {unknown}
 j - a potion of flight {unknown}
 k - a potion of cure mutation {unknown}
Comestibles
 f - 2 bread rations
 m - a slice of pizza
 n - a meat ration


   Skills:
 + Level 2.4 Fighting
 + Level 3.3 Staves
 - Level 1.7 Throwing
 + Level 1.8 Armour
 + Level 3.1 Dodging


You had 3 spell levels left.
You didn't know any spells.

Dungeon Overview and Level Annotations

Branches:
Dungeon (2/15)

Altars:


Innate Abilities, Weirdness & Mutations

You are partially covered in icy blue scales. (AC +2)
You regenerate a little health from kills.


Message History

You sock the kobold!
You kill the kobold!
No target in view!
q - an ivory ring You now have 129 gold pieces (gained 24).
Put on which piece of jewellery? (? for menu, Esc to quit)
You feel weaker.
Oops, that ring feels deathly cold.
q - a cursed -4 ring of strength (left hand)
A rat comes into view.
A rat is nearby!
A rat is nearby!
As you read the scroll labeled MOPNEO ODEBB, it crumbles to dust.
The creatures around you are filled with an inner flame!
It was a scroll of immolation.
You thump the rat!
The rat explodes!
The fiery explosion engulfs you!
You are engulfed in roaring flames.
Ouch! That really hurt!
You die...

≈≈≈≈≈≈≈
♣≈##.##..####..[.#
≈≈≈≈≈≈ ♣.......##
###### ≈≈≈≈≈P
♣######.# ≈♣≈≈P≈ ♣
#.# ♣P≈≈♣≈ P.#
##.### .. #....#
#.#....# #......#
###.@§%# #.§§.#
#§§§.# #....#
#....# #....#
#....# ######


There were no monsters in sight!

Vanquished Creatures
  3 gnolls (D:2)
  An adder (D:2)
  A worm (D:2)
  2 leopard geckos
  4 giant cockroaches
  A goblin (D:1)
  3 hobgoblins
  5 bats
  5 frilled lizards
  3 kobolds
  9 rats
37 creatures vanquished.

Notes
Turn   | Place    | Note
-------+----------+-------------------------------------------
     0 | D:1      | dobroeutro the Demonspawn Gladiator began the quest for the Orb.
     0 | D:1      | Reached XP level 1. HP: 16/16 MP: 1/1
   285 | D:1      | Reached skill level 1 in Armour
   285 | D:1      | Gained mutation: You are partially covered in icy blue scales. (AC +2) [demonic ancestry]
   285 | D:1      | Reached XP level 2. HP: 22/22 MP: 2/2
   779 | D:2      | Gained mutation: You regenerate a little health from kills. [demonic ancestry]
   779 | D:2      | Reached XP level 3. HP: 16/27 MP: 3/3
  1125 | D:2      | Reached XP level 4. HP: 12/34 MP: 4/4
  1294 | D:2      | Engulfed by a cloud of flame

Vault maps used:
D:1:      sevenhm_arrival_forest_fort_small_4
D:2:      minivault_4, kennysheep_another_room, kennysheep_big_empty_room,
          serial_bayou_lake_a

Skill      XL: |  1  2 |
---------------+-------+-----
Armour         | 1 |  1.8
Staves         | 3 |  3.3
Dodging        | 3 |  3.1
Fighting       | |  2.4
Throwing       | |  1.7

Action                   |  1- 3 |  4- 6 || total
-------------------------+-------+-------++-------
Melee: Quarterstaff      |    89 |    29 ||   118
  Use: Scroll            |     2 |     1 ||     3
 Stab: Sleeping          |     2 |       ||     2
Armor: Leather armour    |     3 |       ||     3
       Chain mail        |    74 |    29 ||   103
Dodge: Dodged            |    38 |    17 ||    55
